 Dungeon Crawl Stone Soup version 0.17-a0-1738-g82cdc46 (webtiles) character file.

27 kae the Caller (level 3, -3/20 HPs)
             Began as a Tengu Summoner on Aug 30, 2015.
             Slain by an adder (5 damage)
             ... on level 2 of the Dungeon.
             The game lasted 00:02:18 (2389 turns).

kae the Caller (Tengu Summoner)                     Turns: 2389, Time: 00:02:19

Health: -3/20      AC:  2    Str:  8    XL:     3   Next: 10%
Magic:  5/7        EV: 12    Int: 16    God:
Gold:   61         SH:  0    Dex: 14    Spells: 2 memorised, 3 levels left

rFire  . . .     SeeInvis .     i - +0 dagger
rCold  . . .     Clarity  .     a - +0 robe
rNeg   . . .     SustAt   .     (no shield)
rPois  .         Gourm    .     (helmet restricted)
rElec  .         Spirit   .     (no cloak)
rCorr  .         Warding  .     (no gloves)
rMut   .         Stasis   .     (boots unavailable)
MR     .....                    (no amulet)
Stlth  ++........               (no ring)
                                (no ring)

@: lethally poisoned (-3 -> -11), not resistant to hostile enchantments,
unstealthy
A: beak, talons 3
a: no special abilities


You were on level 2 of the Dungeon.
You were not hungry.

You visited 1 branch of the dungeon, and saw 2 of its levels.

You collected 61 gold pieces.

Inventory:

Hand weapons
 i - a +0 dagger (weapon)
Armour
 a - a +0 robe (worn)
Scrolls
 d - a scroll of random uselessness {unknown}
 e - a scroll of recharging {unknown}
 f - a scroll of immolation {unknown}
 g - a scroll of enchant weapon {unknown}
 h - a scroll of blinking {unknown}
 j - 2 scrolls of identify {unknown}
Books
 b - a book of Callings

   Spells                             Type                      Level
   a - Summon Small Mammal            Summoning                    1
   b - Call Imp                       Summoning                    2
   c - Call Canine Familiar           Summoning                    3
   d - Summon Guardian Golem          Hexes/Summoning              3
   e - Summon Lightning Spire         Summoning/Air                4
   f - Summon Ice Beast               Ice/Summoning                4
Comestibles
 c - 2 bread rations


   Skills:
 + Level 1.2 Fighting
 - Level 2.1 Dodging
 - Level 2.0 Stealth
 - Level 2.0 Spellcasting
 * Level 5.6 Summonings


You had 3 spell levels left.
You knew the following spells:

 Your Spells              Type           Power        Failure   Level  Hunger
a - Summon Small Mammal   Summ           ###.         1%          1    #......
b - Call Imp              Summ           ###.....     3%          2    ###....


Dungeon Overview and Level Annotations

Branches:
Dungeon (2/15)

Altars:


Innate Abilities, Weirdness & Mutations

You have a beak for a mouth.
You have claws for feet.


Message History

Unknown command.
You aren't carrying any potions.
You completely miss the adder.
The adder is heavily wounded.
* * * LOW HITPOINT WARNING * * *
You feel sick. The adder barely misses you.
Your quokka closely misses the adder.
Unknown command.
Unknown command.
You completely miss the adder.
The adder is heavily wounded.
The adder closely misses you.
Your quokka closely misses the adder.
Unknown command.
Unknown command.
Unknown command.
You hit the adder but do no damage.
The adder is heavily wounded.
* * * LOW HITPOINT WARNING * * *
You feel sick. The adder bites you.
You die...

....#.##.. ....##
....#.##.# ####....
......##.####......
#
....####.........#
###.#
..............#..#
....#
#.######.#...r.br#
..... #.#
#.#.#####r# #####
#.# #.#.# #S# # #.#
#.#># #@# ..
.................
#.............###
###.####.##.### #.#
#. ># #. .# #. #
#### #. .... ####


You could see an adder, 2 friendly quokkas and a friendly bat.

Vanquished Creatures
  2 goblins
  2 hobgoblins (D:1)
  9 kobolds
  3 bats
  A giant newt (D:1)
  A quokka (D:2)
18 creatures vanquished.

Vanquished Creatures (collateral kills)
  A worm (D:2)
  2 bats
  A goblin (D:1)
  A hobgoblin (D:1)
  2 kobolds (D:1)
  A giant gecko (D:1)
  A giant newt (D:1)
  A rat (D:1)
10 creatures vanquished.

Grand Total: 28 creatures vanquished

Notes
Turn   | Place    | Note
--------------------------------------------------------------
     0 | D:1      | kae the Tengu Summoner began the quest for the Orb.
     0 | D:1      | Reached XP level 1. HP: 10/10 MP: 4/4
    90 | D:1      | Reached skill level 5 in Summonings
   781 | D:1      | Reached XP level 2. HP: 14/16 MP: 4/6
  1342 | D:1      | Reached skill level 1 in Fighting
  1643 | D:2      | Learned a level 2 spell: Call Imp
  1970 | D:2      | Reached XP level 3. HP: 7/20 MP: 3/7
  2389 | D:2      | Slain by an adder

Vault maps used:
D:1:      eino_arrival_druids_welcome
D:2:      kennysheep_six_static_rooms, first_bread, led_sif_pool

Action                   || total
-------------------------++-------
Melee: Unarmed           ||    39
       Dagger            ||    57
 Cast: Summon Small Mamm ||    21
       Call Imp          ||     2
 Stab: Sleeping          ||     3
       Distracted        ||     1
  Eat: Chunk             ||     2
       Meat ration       ||     1
